 Seeded DCSS version 0.29.1-1-gd02db6906a (webtiles) character file.

Game seed: 573654342 (custom seed)

3405 Spinowolf the Martial Artist (level 10, -5/102 HPs)
             Began as a Human Transmuter on Oct 17, 2022.
             Was an Initiate of Yredelemnul.
             Slain by a yak (12 damage)
             ... on level 8 of the Dungeon.
             The game lasted 01:43:10 (4803 turns).

Spinowolf the Martial Artist (Human Transmuter)     Turns: 4803, Time: 01:43:14

Health: -5/102     AC: 25    Str: 12    XL:     10   Next: 24%
Magic:  15/19      EV:  2    Int: 15    God:    Yredelemnul [......]
Gold:   300        SH:  0    Dex: 21    Spells: 15/21 levels left

rFire   . . .      SeeInvis .     - Unarmed
rCold   . . .      Faith    .   (no shield)
rNeg    . . .      Spirit   .   (body armour currently unavailable)
rPois   +          Reflect  .   (helmet currently unavailable)
rElec   .          Harm     .   (cloak currently unavailable)
rCorr   .          Rampage  .   (gloves currently unavailable)
Will    .....      NoTele   +   (boots currently unavailable)
Stlth   ++........              (no amulet)
HPRegen 1.07/turn               m - +6 ring of dexterity
MPRegen 0.16/turn               (no ring)

@: tree-form, wereblooded
A: stationary, stasis, torment immunity, boosted hp, regeneration 1, screaming
1, MP-powered wands
a: Renounce Religion, Recall Undead Harvest


You were on level 8 of the Dungeon.
You worshipped Yredelemnul.
Yredelemnul was noncommittal.
You were a tree.
You visited 2 branches of the dungeon, and saw 9 of its levels.

You collected 300 gold pieces.

Inventory:

Hand Weapons
 c - a +0 sling
 e - a +1 club
Missiles
 h - 6 javelins
 q - a throwing net
Armour
 a - a +0 robe
 d - a +0 ring mail
 f - a scarf of invisibility (melded)
 i - a +2 pair of gloves (melded)
 v - a +0 plate armour
 y - +0 acid dragon scales (melded)
Jewellery
 m - a +6 ring of dexterity (left branch)
 o - a ring of see invisible
Wands
 s - a wand of paralysis (4)
Scrolls
 g - 3 scrolls of identify
 j - a scroll of noise
 k - 3 scrolls of fog
 r - a scroll of enchant armour {unknown}
 t - a scroll of enchant weapon
 u - a scroll of fear {unknown}
 w - 2 scrolls of immolation {unknown}
 x - a scroll of torment {unknown}
Potions
 b - 3 potions of lignification
 l - 2 potions of brilliance
 n - a potion of cancellation
 p - 2 potions of heal wounds


   Skills:
 + Level 2.5 Fighting
 + Level 4.9 Armour
 + Level 3.8 Dodging
 + Level 1.8 Stealth
 + Level 8.6 Unarmed Combat
 + Level 6.2 Spellcasting
 + Level 6.2 Transmutations
 + Level 1.5 Poison Magic
 + Level 0.1 Invocations


You had 15 spell levels left.
You knew the following spells:

 Your Spells              Type           Power      Damage    Failure   Level
a - Beastly Appendage     Tmut           46%        N/A       1%          1
b - Wereblood             Tmut           23%        N/A       1%          2
c - Spider Form           Tmut/Pois      16%        N/A       9%          3

Your spell library contained the following spells:

 Spells                   Type           Power      Damage    Failure   Level
 Freeze                   Ice            16%        1d4       14%         1
 Ignite Poison            Fire/Tmut/Pois 12%        N/A       16%         3
 Ice Form                 Ice/Tmut       14%        N/A       36%         4
 Call Canine Familiar     Summ           4%         N/A       41%         3
 Dazzling Flash           Conj/Hex       8%         N/A       41%         3
 Frozen Ramparts          Ice            8%         1d2       41%         3
 Ozocubu's Armour         Ice            4%         N/A       41%         3
 Portal Projectile        Hex/Tloc       8%         N/A       41%         3
 Hailstorm                Conj/Ice       4%         3d4       82%         4
 Leda's Liquefaction      Hex/Erth       2%         N/A       82%         4
 Summon Lightning Spire   Summ/Air       4%         N/A       82%         4
 Agony                    Necr           4%         N/A       99%         5
 Fireball                 Conj/Fire      2%         3d4       99%         5
 Silence                  Hex/Air        2%         N/A       99%         5
 Starburst                Conj/Fire      2%         6d3       100%        6
 Ozocubu's Refrigeration  Ice            2%         4d7       100%        7


Dungeon Overview and Level Annotations

Branches:
Dungeon (8/15)             Temple (1/1) D:6
   Lair: D:8-11

Altars:
Ashenzari
Cheibriados
Dithmenos
Elyvilon
Fedhas
Gozag
Hepliaklqana
Kikubaaqudgha
Makhleb
Nemelex Xobeh
Okawaru
Qazlal
Ru
Sif Muna
Trog
Uskayaw
Vehumet
Wu Jian
Xom
Yredelemnul
Zin
The Shining One

Shops:
D:8 [


Innate Abilities, Weirdness & Mutations

You are a tree.
Your roots penetrate the ground, keeping you stationary.
You cannot be teleported.
You are immune to unholy pain and torment.
Your maximum health is greatly increased.
Your equipment is partially melded.
Your natural rate of healing is unusually fast.
You occasionally shout uncontrollably at your foes.
You expend magic power (3 MP) to strengthen your wands.


Message History

The steam dragon breathes steam at you. The ball of steam hits you.
* * * LOW HITPOINT WARNING * * *
The yak gores you!
* * * LOW HITPOINT WARNING * * *
You hear a shout!
The yak gores you but does no damage.
You feel much better. The steam dragon bites you.
The steam dragon claws you but does no damage.
The yak gores you!
You hit the yak. Your kick misses the yak. You headbutt the yak.
The yak is moderately wounded.
The steam dragon misses you. x2; The yak barely misses you.
You hit the yak. You claw the yak. You headbutt the yak.
The yak is heavily wounded.
You are engulfed in a cloud of scalding steam.
* * * LOW HITPOINT WARNING * * *
The yak completely misses you. The yak gores you but does no damage.
The steam dragon bites you.
* * * LOW HITPOINT WARNING * * *
The steam dragon claws you but does no damage.
You barely miss the steam dragon.
The steam dragon is lightly wounded.
You howl as the wereblood boils in your veins!
The yak gores you!
* * * LOW HITPOINT WARNING * * *
The yak gores you.
* * * LOW HITPOINT WARNING * * *
The steam dragon misses you. The steam dragon closely misses you.
The yak gores you.
* * * LOW HITPOINT WARNING * * *
Really quaff the potion of lignification?
Your horns disappear.
Your talons disappear.
You turn into a tree.
Your scarf of invisibility melds into your body.
Your +2 pair of gloves melds into your body.
Your +0 acid dragon scales melds into your body.
Your roots penetrate the ground.
The yak gores you!
You die...
Your body rises from the dead as a mindless zombie. ... ##......#. #Z. #.# #Z. #.# ### #ZZ

#.# ###... #.# #.#
.....# ###.#
#.###.... ####...#
##.##..#####....###
##..DY..#.....####
##..♣Y..........##
#...YY......$....#
#..........).....#
#................#
#..................#
...................#
..#.................#
.#..#..............##
..##......##.....##


You could see 4 yaks and a steam dragon.

Vanquished Creatures
  A two-headed ogre (D:7)
  Maggie (D:8)
  Grinder (D:4)
  2 orc warriors
  A water moccasin (D:6)
  An ice beast (D:6)
  2 sky beasts
  An ogre (D:5)
  2 black bears
  2 centaurs
  2 phantoms (D:5)
  3 bullfrogs
  A necrophage (D:6)
  2 scorpions (D:5)
  3 howler monkeys
  2 hounds
  4 orc priests
  2 iguanas
  2 orc wizards
  3 adders
  3 gnolls (D:5)
  3 white imps
  2 worms
  4 dart slugs (D:1)
  27 orcs
  4 endoplasms
  3 giant cockroaches
  7 goblins
  9 hobgoblins
  5 jackals
  7 kobolds
  4 quokkas
  10 ball pythons
  7 bats
  2 frilled lizards (D:1)
  4 rats
139 creatures vanquished.

Vanquished Creatures (collateral kills)
  A phantom (D:5)
  A scorpion (D:5)
  A lava snake (D:7)
  A hound (D:5)
  An adder (D:3)
  3 orcs (D:8)
  A ball python (D:3)
  A goblin (D:4)
  A hobgoblin (D:4)
  A quokka (D:5)
12 creatures vanquished.

Vanquished Creatures (others)
  2 bullfrog zombies
  An orc wizard (D:8)
  A sky beast zombie (D:8)
  A hound zombie (D:5)
  2 spectral white imps
  13 orc zombies
  A quokka zombie (D:5)
  2 fungi (D:1)
23 creatures vanquished.

Grand Total: 174 creatures vanquished

Notes
Turn   | Place    | Note
-------+----------+-------------------------------------------
     0 | D:1      | Spinowolf the Human Transmuter began the quest for the Orb.
     0 | D:1      | Reached XP level 1. HP: 15/15 MP: 3/3
   300 | D:1      | Reached XP level 2. HP: 21/21 MP: 3/5
   349 | D:1      | Learned a level 2 spell: Wereblood
   449 | D:1      | Reached XP level 3. HP: 9/26 MP: 6/6
   769 | D:1      | Got the Folio of the Igneous Squall
   788 | D:1      | Learned a level 3 spell: Spider Form
  1208 | D:2      | Reached XP level 4. HP: 24/32 MP: 3/7
  1252 | D:2      | Reached skill level 4 in Unarmed Combat
  1440 | D:2      | Reached skill level 1 in Armour
  2032 | D:3      | Found a faded altar of an unknown god.
  2041 | D:3      | Prayed at the altar of an unknown god.
  2041 | D:3      | Became a worshipper of Yredelemnul the Dark
  2041 | D:3      | Reached * piety under Yredelemnul
  2081 | D:3      | Reached XP level 5. HP: 32/37 MP: 8/8
  2252 | D:4      | Noticed Grinder
  2259 | D:4      | Paralysed by Grinder for 5 turns
  2275 | D:4      | Killed Grinder
  2276 | D:4      | Reached XP level 6. HP: 7/43 MP: 7/10
  2661 | D:4      | Gained mutation: You occasionally shout uncontrollably at
                  | your foes. [potion of mutation]
  2661 | D:4      | Gained mutation: Your natural rate of healing is unusually
                  | fast. [potion of mutation]
  2661 | D:4      | Gained mutation: You expend magic power (3 MP) to
                  | strengthen your wands. [potion of mutation]
  2917 | D:4      | Noticed a black bear
  3029 | D:4      | Killed a black bear
  3030 | D:4      | Reached XP level 7. HP: 48/48 MP: 7/12
  3229 | D:5      | Entered Level 5 of the Dungeon
  3245 | D:5      | Reached skill level 5 in Unarmed Combat
  3478 | D:5      | Reached XP level 8. HP: 48/54 MP: 9/13
  3509 | D:5      | Reached skill level 1 in Poison Magic
  3547 | D:5      | Reached skill level 6 in Unarmed Combat
  3693 | D:5      | Reached ** piety under Yredelemnul
  3860 | D:6      | Reached skill level 1 in Stealth
  3921 | D:6      | Found a sacrificial altar of Ru.
  3954 | D:6      | Reached XP level 9. HP: 61/61 MP: 11/16
  4004 | D:6      | Reached skill level 7 in Unarmed Combat
  4004 | D:6      | Reached skill level 5 in Transmutations
  4020 | D:6      | Found a staircase to the Ecumenical Temple.
  4029 | Temple   | Entered the Ecumenical Temple
  4210 | D:7      | Reached skill level 5 in Spellcasting
  4396 | D:7      | Noticed a two-headed ogre
  4409 | D:7      | Killed a two-headed ogre
  4436 | D:7      | Found a snail-covered altar of Cheibriados.
  4436 | D:7      | Found a bloodstained altar of Trog.
  4559 | D:8      | Reached XP level 10. HP: 67/68 MP: 16/18
  4584 | D:8      | Reached skill level 8 in Unarmed Combat
  4616 | D:8      | Reached *** piety under Yredelemnul
  4630 | D:8      | Found Hekhlul's Armour Shoppe.
  4734 | D:8      | Noticed Maggie
  4759 | D:8      | Killed Maggie
  4803 | D:8      | Slain by a yak

Illustrated notes

Levels and vault maps discovered:
D:1:      dpeg_cavernosity, layout_basic
D:2:      layout_rooms
D:3:      layout_loops_ring, basic_ecumenical_altar
D:4:      layout_basic, serial_shops, shop, uniq_grinder, uniq_duvessa
D:5:      layout_loops_cross, minmay_bent
D:6:      layout_loops_corners, hangedman_ru_absence, temple_doors_e,
          hex_medium, minmay_statues_item, grunt_decor_junction
D:7:      layout_loops_ring, nicolae_overflow_two_pavilions
D:8:      layout_rooms, serial_shops, nicolae_shop_hallway_stairs, uniq_maggie
Temple:   hellmonk_temple_of_storms

Skill      XL: |  1  2  3  4  5  6  7  8  9 10 |
---------------+-------------------------------+-----
Unarmed Combat | 4 5 6 7 8 |  8.6
Armour         | 1 2 3 4 |  4.9
Spellcasting   | 3 4 5 6 |  6.2
Transmutations | 3 4 5 6 |  6.2
Poison Magic   | 1 |  1.5
Fighting       | 2 |  2.5
Dodging        | 3 |  3.8
Stealth        | 1 |  1.8
Invocations    | |  0.1

Action                   |  1- 3 |  4- 6 |  7- 9 | 10-12 || total
-------------------------+-------+-------+-------+-------++-------
Melee: Unarmed           |   107 |   106 |   202 |    63 ||   478
       Kick              |     9 |    27 |    47 |    18 ||   101
       Headbutt          |     4 |    15 |    30 |    11 ||    60
       Punch             |     2 |     3 |    17 |     2 ||    24
 Cast: Beastly Appendage |     8 |    23 |    24 |     4 ||    59
       Spider Form       |     2 |     1 |     3 |     3 ||     9
       Wereblood         |     1 |     5 |    16 |     5 ||    27
Invok: Dark Bargain      |       |       |       |     1 ||     1
Evoke: Wand              |       |       |       |     1 ||     1
  Use: Potion            |     1 |     6 |     3 |     4 ||    14
       Scroll            |       |     4 |       |       ||     4
 Stab: Invisible         |     1 |       |       |       ||     1
       Sleeping          |       |     1 |       |       ||     1
       Distracted        |       |       |     2 |       ||     2
Armor: Ring mail         |    35 |    42 |    60 |     8 ||   145
       Skin              |     1 |       |     1 |     1 ||     3
       Acid dragon scale |       |       |       |    13 ||    13
Dodge: Dodged            |    81 |    79 |   108 |    52 ||   320
